 Dungeon Crawl Stone Soup version 0.31.0-11-ge490571c62 (webtiles) character file.

Game seed: 16949279473125703600

1169 Fodor the Covered (level 8, 0/69 HPs)
             Began as a Minotaur Fighter on Jan 28, 2024.
             Incinerated by a bombardier beetle (6 damage)
             ... with a burning spray
             ... on level 5 of the Dungeon.
             The game lasted 00:25:22 (4399 turns).

Fodor the Covered (Minotaur Fighter)                Turns: 4399, Time: 00:25:22

Health: 0/69       AC: 13    Str: 24    XL:     8   Next: 17%
Magic:  7/7        EV:  7    Int:  5    God:
Gold:   264        SH:  0    Dex:  9    Spells: 7/7 levels left

rFire   . . .        q - +4 quarterstaff (chaos)
rCold   . . .        (shield currently unavailable)
rNeg    . . .        j - +0 plate armour
rPois   .            (helmet currently unavailable)
rElec   .            r - melded +0 cloak
rCorr   .            l - melded +1 pair of gloves
SInv    .            E - melded +0 pair of boots
Will    +....        (no amulet) Stlth
                     k - ring of willpower
HPRegen 0.31/turn    p - +4 ring of slaying
MPRegen 0.10/turn

%: no passive effects
@: mighty, on fire, beast-form, glowing
A: beast (slay +0), horns 2, retaliatory headbutt
a: Begin Untransformation


You were on level 5 of the Dungeon.
You were a hulking beast.
You visited 1 branch of the dungeon, and saw 5 of its levels.

You collected 264 gold pieces.

Inventory:

Hand Weapons
 a - a +0 war axe
 q - a +4 quarterstaff of chaos (weapon)
 w - a +0 arbalest
Missiles
 f - 21 poisoned darts (quivered)
Armour
 c - a +0 buckler
 j - a +0 plate armour (worn)
 l - a +1 pair of gloves (melded)
 r - a +0 cloak (melded)
 E - a +0 pair of boots (melded)
Jewellery
 k - a ring of willpower (left hand)
 p - a +4 ring of slaying (right hand)
Talismans
 i - a beast talisman (active)
Wands
 C - a wand of charming (7)
Scrolls
 b - a scroll of vulnerability
 s - a scroll of fear
 t - a scroll of amnesia
 v - a scroll of noise {unknown}
 x - a scroll of poison {unknown}
 B - a scroll of silence {unknown}
Potions
 e - a potion of heal wounds {unknown}
 g - a potion of magic {unknown}
 h - 2 potions of lignification {unknown}
 m - 2 potions of brilliance {unknown}
 n - a potion of cancellation {unknown}
 o - 2 potions of degeneration {unknown}
 u - 2 potions of curing {unknown}
 z - a potion of invisibility {unknown}
 A - 2 potions of mutation {unknown}
 D - a potion of ambrosia {unknown}


   Skills:
 + Level 5.4 Fighting
 + Level 3.7 Axes
 + Level 6.5 Staves
 + Level 2.4 Ranged Weapons
 + Level 0.6 Throwing
 + Level 6.9 Armour
 + Level 2.5 Dodging
 + Level 0.1 Stealth
 + Level 4.0 Shields
 + Level 1.1 Shapeshifting


You had 7 spell levels left.
You didn't know any spells.
Your spell library contained the following spells:

 Spells                   Type           Power      Damage    Failure   Level
 Apportation              Tloc           0%         N/A       100%        1
 Jinxbite                 Hex            0%         N/A       100%        2
 Alistair's Intoxication  Alch           0%         N/A       100%        5


Dungeon Overview and Level Annotations

Branches:
Dungeon (5/15)
 Temple: D:4-7

Altars:
Ashenzari


Innate Abilities, Weirdness & Mutations

You are a hulking beast.
Your limbs bulge with bestial killing power. (Slay +0)
You have a pair of horns on your head.
You reflexively headbutt those who attack you in melee.


Message History

a +0 short sword; a +0 leather armour
Items here: )) [[.
You start resting.
An orc wizard is nearby!
The orc wizard gestures at you while chanting.
The magic dart hits you.
* * * LOW HITPOINT WARNING * * *
The orc wizard points at you and mumbles some strange words.
The puff of flame hits you but does no damage.
A ribbon worm and a bombardier beetle come into view.
The ribbon worm moves out of view.
Found 19 gold pieces.
The orc wizard casts a spell at you. The puff of flame hits you!
* * * LOW HITPOINT WARNING * * *
The ribbon worm expels a string of sticky webbing.
The stream of webbing misses you.
There are monsters nearby!
The orc wizard barely misses you.
The orc wizard gestures wildly while chanting.
The orc wizard flickers and vanishes!
You hear some strange, mumbled words.
A magic dart appears from out of thin air!
The magic dart hits you.
* * * LOW HITPOINT WARNING * * *
Unknown command.
Something hits you but does no damage.
The bombardier beetle sprays incendiary fluid at you.
The burning spray hits you.
You are covered in liquid fire!
You sock the ribbon worm!
The ribbon worm is heavily wounded.
The liquid fire burns you!
* * * LOW HITPOINT WARNING * * *
Something hits you but does no damage.
The ribbon worm bites you but does no damage.
You barely miss the ribbon worm.
The ribbon worm is heavily wounded.
The liquid fire burns you!
You die...

######### #...# #.......
........# #...# #....|..
$.......# #...# #.......
........###...#########.......
..............................
........###...##....###.......
........###...##..............
............B......####......>
........###.wh#.....###.......
......#..###.#..........###.##
.$....##...#...#...###.## #.#
...... ###.........# #. #..
...... ###........# #. ....
:.....###.......##.# ...#
..............### .
........o))...#
.........)..####


You could see a ribbon worm and a bombardier beetle.

Vanquished Creatures
  Eustachio (D:4)
  A phantom (D:5)
  Blork the orc (D:4)
  A kobold brigand (D:3)
  A howler monkey (D:3)
  3 bombardier beetles
  4 hounds
  Crazy Yiuf (D:2)
  A gnoll bouda (D:3)
  3 orc priests
  2 iguanas (D:5)
  An orc wizard (D:5)
  15 gnolls (D:3)
  3 adders
  2 dart slugs
  A ribbon worm (D:3)
  37 orcs
  8 ball pythons
  7 endoplasms
  4 giant cockroaches
  4 goblins
  3 hobgoblins
  16 jackals
  2 quokkas
  7 bats
  A frilled lizard (D:1)
  5 kobolds
  3 rats
138 creatures vanquished.

Vanquished Creatures (others)
  An orc zombie (D:3)
1 creature vanquished.

Grand Total: 139 creatures vanquished

Notes
Turn   | Place    | Note
-------+----------+-------------------------------------------
     0 | D:1      | Fodor the Minotaur Fighter began the quest for the Orb.
     0 | D:1      | Reached XP level 1. HP: 19/19 MP: 0/0
   543 | D:1      | Reached XP level 2. HP: 27/27 MP: 1/1
   870 | D:2      | Found a faded altar of an unknown god.
  1574 | D:2      | Reached XP level 3. HP: 33/33 MP: 2/2
  1650 | D:2      | Found a runed translucent door.
  1651 | D:2      | Noticed Crazy Yiuf
  1658 | D:2      | Killed Crazy Yiuf
  1659 | D:2      | Reached XP level 4. HP: 18/41 MP: 3/3
  1967 | D:3      | Reached skill level 5 in Armour
  2188 | D:3      | Reached skill level 1 in Staves
  2188 | D:3      | Reached XP level 5. HP: 47/47 MP: 4/4
  2202 | D:3      | Reached skill level 1 in Ranged Weapons
  2402 | D:3      | Reached XP level 6. HP: 37/53 MP: 5/5
  2586 | D:3      | Reached skill level 1 in Dodging
  2930 | D:3      | Reached XP level 7. HP: 41/60 MP: 6/6
  3135 | D:3      | Found a broken altar of Ashenzari.
  3139 | D:3      | Saw a vision of the Shoals and the Spider Nest.
  3139 | D:3      | Noticed a snapping turtle
  3139 | D:3      | Noticed a cyclops
  3139 | D:3      | Noticed a wind drake
  3139 | D:3      | Noticed a sea snake
  3139 | D:3      | Noticed a merfolk
  3139 | D:3      | Noticed a manticore
  3139 | D:3      | Noticed a sea snake
  3139 | D:3      | Noticed a pharaoh ant
  3139 | D:3      | Noticed a jumping spider
  3139 | D:3      | Noticed a culicivora
  3139 | D:3      | Noticed a demonic crawler
  3139 | D:3      | Noticed a pharaoh ant
  3139 | D:3      | Noticed a wolf spider
  3139 | D:3      | Noticed an emperor scorpion
  3139 | D:3      | Noticed a jumping spider
  3140 | D:3      | Noticed a sea snake
  3140 | D:3      | Noticed a wolf spider
  3140 | D:3      | Noticed a redback
  3140 | D:3      | Noticed a skyshark
  3142 | D:3      | Noticed a steelbarb worm
  3144 | D:3      | Noticed a culicivora
  3146 | D:3      | Noticed a demonic crawler
  3363 | D:4      | Noticed Blork the orc
  3372 | D:4      | Killed Blork the orc
  3825 | D:4      | Reached skill level 5 in Fighting
  3833 | D:4      | Identified the +1 leather armour of Bitterness {rCorr}
  4091 | D:4      | Noticed Eustachio
  4106 | D:4      | Killed Eustachio
  4107 | D:4      | Reached skill level 5 in Staves
  4249 | D:5      | Entered Level 5 of the Dungeon
  4297 | D:5      | Reached skill level 1 in Shapeshifting
  4329 | D:5      | Reached XP level 8. HP: 44/68 MP: 7/7
  4399 | D:5      | Incinerated by a bombardier beetle

Illustrated notes

Levels and vault maps discovered:
D:1:      tarquinn_simple_flora_water_a, layout_basic
D:2:      layout_loops_ring, ebering_ecumenical_altar_box,
          minmay_misc_feat_nine_boxes, hangedman_decor_growths, nrook_campfire,
          amcnicky_mini_corridor_feature, uniq_crazy_yiuf_cottage
D:3:      lemuel_castle_with_subvaults [lemuel_castle_interior_carwin_3],
          layout_basic, grunt_ashenzari_visionary
          [grunt_ashenzari_visionary_shoals, grunt_ashenzari_visionary_spider],
          minmay_statues_item
D:4:      layout_loops_corners, uniq_blork_the_orc, uniq_eustachio
D:5:      layout_rooms, chequers_jeans

Skill      XL: |  1  2  3  4  5  6  7 |
---------------+----------------------+-----
Armour         | 4 5 6 |  6.9
Fighting       | 4 5 |  5.4
Axes           | 3 |  3.7
Shields        | 4 |  4.0
Staves         | 1 4 6 |  6.5
Ranged Weapons | 1 2 |  2.4
Dodging        | 2 |  2.5
Shapeshifting  | 1 |  1.1
Throwing       | |  0.6
Stealth        | |  0.1

Action                     |  1- 3 |  4- 6 |  7- 9 || total
---------------------------+-------+-------+-------++-------
  Melee: War axe           |    62 |       |       ||    62
         Headbutt          |     5 |    18 |     7 ||    30
         Quarterstaff      |       |   129 |    71 ||   200
   Fire: Arbalest          |       |    14 |       ||    14
  Throw: Dart              |    10 |       |     4 ||    14
    Use: Scroll            |       |       |     6 ||     6
         Potion            |       |       |     1 ||     1
 Armour: Scale mail        |    21 |       |       ||    21
         Chain mail        |    18 |   131 |    25 ||   174
         Plate armour      |       |       |    88 ||    88
  Dodge: Dodged            |    29 |    71 |    32 ||   132
  Block: Buckler           |    22 |       |       ||    22
   Form: Beast             |     2 |       |     2 ||     4
                           |     1 |     1 |     1 ||     3
